[Event "Titled Tuesday Blitz December 27 Early 2022"]
[White "Kahlert, Thomas"]
[Black "Clawitter, Craig"]
[WhiteFideId "4625242"]
[BlackFideId "2023105"]
[WhiteElo "2144"]
[BlackElo "2050"]
[Result "1-0"]
[Round "04"]
[TimeControl "180+2"]
[Date "2022.12.27"]
[WhiteClock "0:01:55"]
[BlackClock "0:00:08"]

1. c4 e6 2. Nf3 Nf6 3. d4 d5 4. Nc3 c6 5. Bg5 h6 6. Bxf6 Qxf6 7. e3 Bd6 8. Rc1 Nd7 9. Bd3 dxc4 10. Bxc4 O-O 11. Ne4 Bb4+ 12. Nc3 e5 13. O-O exd4 14. Qxd4 Qxd4 15. Nxd4 Ne5 16. Be2 Rd8 17. Rfd1 Bd7 18. a3 Be7 19. h3 Be8 20. Nf5 Bf8 21. f4 Ng6 22. Bc4 Bc5 23. Kf2 Ne7 24. b4 Nxf5 25. bxc5 Rd7 26. g4 Ne7 27. Rxd7 Bxd7 28. Rd1 Be6 29. Bxe6 fxe6 30. Rd7 Nd5 31. Nxd5 cxd5 32. Rxb7 Rc8 33. Rxa7 Rxc5 34. Re7 Rc3 35. Rxe6 Rxa3 36. h4 d4 37. exd4 Rh3 38. h5 Rd3 39. Re4 Kf7 40. Ke2 Rg3 41. f5 Kf6 42. Re6+ Kg5 43. Rg6+ Kf4 44. Rxg7 Rxg4 45. Rxg4+ 1-0


[Site "https://www.chess.com"]

[Event "Titled Tuesday Blitz December 27 Early 2022"]
[White "Kleiman, Jake"]
[Black "Qashashvili, Alexandre"]
[WhiteFideId "2020041"]
[BlackFideId "13600842"]
[WhiteElo "2399"]
[BlackElo "2505"]
[Result "1-0"]
[Round "04"]
[TimeControl "180+2"]
[Date "2022.12.27"]
[WhiteClock "0:01:24"]
[BlackClock "0:01:24"]

1. Nf3 c6 2. g3 d5 3. Bg2 Bf5 4. O-O Nf6 5. d3 Qc8 6. Nbd2 Bh3 7. e4 dxe4 8. dxe4 h5 9. e5 Bxg2 10. Kxg2 Nd5 11. c4 Nb6 12. h4 e6 13. Qe2 N8d7 14. b3 Qc7 15. Bb2 O-O-O 16. Ne4 Nc5 17. Rad1 Nxe4 18. Qxe4 Be7 19. Bc3 g6 20. Qf4 Ba3 21. Ng5 Rxd1 22. Rxd1 Rd8 23. Rxd8+ Qxd8 24. Qxf7 Qd3 25. Nxe6 1-0


[Site "https://www.chess.com"]

[Event "Titled Tuesday Blitz December 27 Early 2022"]
[White "Kovacevic, Radmila"]
[Black "Heinemann, Josefine"]
[WhiteFideId "933171"]
[BlackFideId "12900460"]
[WhiteElo "2106"]
[BlackElo "2289"]
[Result "1-0"]
[Round "04"]
[TimeControl "180+2"]
[Date "2022.12.27"]
[WhiteClock "0:00:07"]
[BlackClock "0:00:01"]

1. e4 c6 2. Nf3 d5 3. Nc3 Bg4 4. h3 Bxf3 5. Qxf3 e6 6. a3 Nd7 7. Qg3 dxe4 8. Nxe4 Ngf6 9. d3 Nxe4 10. dxe4 Qf6 11. Bc4 Bc5 12. O-O O-O 13. Rd1 Ne5 14. Bb3 Ng6 15. Kf1 h6 16. Rb1 Rfd8 17. Bd2 Bd6 18. Qg4 Bf4 19. Bxf4 Nxf4 20. g3 Ng6 21. f4 Rxd1+ 22. Qxd1 Rd8 23. Qf3 Qd4 24. c3 Qd3+ 25. Qxd3 Rxd3 26. Kf2 Rd2+ 27. Ke3 Rh2 28. h4 Ne7 29. Bc4 Kf8 30. Rd1 Ke8 31. Be2 Nc8 32. Kf3 Ke7 33. e5 Nb6 34. c4 Nd7 35. b4 g5 36. hxg5 hxg5 37. Rd2 gxf4 38. gxf4 Rh3+ 39. Ke4 Rxa3 40. b5 cxb5 41. Rb2 Ra5 42. cxb5 Nb6 43. Kd4 Ra4+ 44. Kd3 Rxf4 45. Rc2 Kd7 46. Ke3 Rb4 47. Rd2+ Nd5+ 48. Kf3 Ke7 49. Kf2 Rb3 50. Bf3 1-0


[Site "https://www.chess.com"]

[Event "Titled Tuesday Blitz December 27 Early 2022"]
[White "Kowalczyk, Pawel"]
[Black "Goltsev, Dmitry"]
[WhiteFideId "1130641"]
[BlackFideId "24176710"]
[WhiteElo "2332"]
[BlackElo "2269"]
[Result "1/2-1/2"]
[Round "04"]
[TimeControl "180+2"]
[Date "2022.12.27"]
[WhiteClock "0:00:28"]
[BlackClock "0:01:15"]

1. e4 e6 2. d4 d5 3. Nd2 c5 4. Ngf3 Nf6 5. exd5 exd5 6. Bb5+ Nc6 7. O-O Be7 8. dxc5 Bxc5 9. Nb3 Bb6 10. Bg5 O-O 11. c3 Bg4 12. h3 Bh5 13. Bxf6 Qxf6 14. Qxd5 Bg6 15. Bxc6 bxc6 16. Qe5 Qd8 17. Rad1 Qc8 18. Rfe1 Qa6 19. a3 Qa4 20. Nbd4 c5 21. Nf5 f6 22. Ne7+ Kh8 23. Nxg6+ hxg6 24. Qe4 Qxe4 25. Rxe4 g5 26. c4 Rad8 27. Ree1 Ba5 28. Rf1 Rb8 29. Rb1 Rfe8 30. b3 Re2 31. Rfd1 Ra2 32. Rd5 Re8 33. b4 Bc7 34. Rd2 Rxa3 35. bxc5 Rc3 36. Rd7 Bf4 37. Rxa7 Rxc4 38. g3 Be5 39. Rbb7 Bxg3 40. Rxg7 Rc2 41. Rh7+ Kg8 42. Rhg7+ Kh8 43. Rh7+ Kg8 44. Rag7+ Kf8 45. Rf7+ Kg8 46. Rhg7+ Kh8 47. Rh7+ Kg8 48. Rhg7+ Kh8 49. Rh7+ Kg8 1/2-1/2


[Site "https://www.chess.com"]

[Event "Titled Tuesday Blitz December 27 Early 2022"]
[White "Kravtsiv, Martyn"]
[Black "Lavrov, Maxim"]
[WhiteFideId "14113147"]
[BlackFideId "4166418"]
[WhiteElo "2598"]
[BlackElo "2376"]
[Result "1-0"]
[Round "04"]
[TimeControl "180+2"]
[Date "2022.12.27"]
[WhiteClock "0:01:07"]
[BlackClock "0:00:54"]

1. e4 e5 2. Nf3 Nc6 3. Nc3 Nf6 4. a4 a6 5. d4 exd4 6. Nxd4 Bb4 7. Nxc6 bxc6 8. Bd3 d5 9. Bd2 O-O 10. O-O Re8 11. Re1 h6 12. Nxd5 cxd5 13. Bxb4 dxe4 14. Bf1 Bg4 15. Qxd8 Rexd8 16. h3 Be6 17. a5 Nd5 18. Bc5 f5 19. Rad1 Kf7 20. Rd4 Nf6 21. Red1 Rxd4 22. Rxd4 Nd7 23. Ba3 Ne5 24. b4 c5 25. bxc5 Nc6 26. Rd6 Nxa5 27. Rxa6 Rxa6 28. Bxa6 Bc4 29. Bc8 Be6 30. Bxe6+ Kxe6 31. Bb2 g5 32. g4 Nc6 33. Bg7 f4 34. Bxh6 Kf6 35. h4 gxh4 36. Bxf4 Nd4 37. Kg2 Nxc2 38. c6 Ke6 39. Kh3 Nd4 40. c7 Kd7 41. Kxh4 Ne6 42. Bg3 1-0


[Site "https://www.chess.com"]

[Event "Titled Tuesday Blitz December 27 Early 2022"]
[White "Kvaloy, Aksel Bu"]
[Black "Diaz, Fernando"]
[WhiteFideId "1528815"]
[BlackFideId "3701255"]
[WhiteElo "2321"]
[BlackElo "2121"]
[Result "1-0"]
[Round "04"]
[TimeControl "180+2"]
[Date "2022.12.27"]
[WhiteClock "0:00:23"]
[BlackClock "0:00:10"]

1. d4 e5 2. c4 exd4 3. Qxd4 Nc6 4. Qd1 Bc5 5. Nf3 Nge7 6. g3 d6 7. Bg2 Be6 8. b3 a5 9. Nc3 O-O 10. O-O Qd7 11. Ng5 Bf5 12. Bb2 h6 13. Nf3 Bh3 14. Ne4 Bb6 15. Qd2 Bxg2 16. Kxg2 Qf5 17. Qc3 Ne5 18. Nxe5 dxe5 19. f3 Nc6 20. c5 Ba7 21. e3 Rad8 22. Rad1 Qe6 23. f4 f5 24. Nf2 b6 25. Nd3 bxc5 26. Nxe5 Nxe5 27. Qxe5 Qf7 28. Bc3 Rde8 29. Qd5 Rxe3 30. Qxf7+ Rxf7 31. Bxa5 c4 32. bxc4 Re2+ 33. Kf3 Rxa2 34. Ra1 Rxh2 35. Bc3 Re7 36. Rxa7 Rhe2 37. Be5 Re4 38. Rd1 g5 39. Rd8+ Kf7 40. Rc8 Rxc4 41. Rcxc7 Rexc7 42. Rxc7+ Rxc7 43. Bxc7 g4+ 44. Ke3 h5 45. Bd8 Ke6 46. Bh4 Kd5 47. Kd3 Kc5 48. Be7+ Kd5 49. Bh4 Kc5 50. Be7+ Kd5 51. Bf8 Ke6 52. Kc4 Kf7 53. Bc5 Ke6 54. Bb4 Kf6 55. Kd5 Kg6 56. Ke5 h4 57. gxh4 Kh5 58. Kxf5 Kxh4 59. Be1+ Kh3 60. Kg5 g3 61. Bxg3 Kxg3 62. f5 Kh3 63. f6 Kg3 64. f7 Kh3 65. f8=Q Kg2 66. Qf4 Kh1 67. Qd2 Kg1 68. Kg4 Kf1 69. Kg3 Kg1 70. Qd1# 1-0


[Site "https://www.chess.com"]

[Event "Titled Tuesday Blitz December 27 Early 2022"]
[White "Larina, Maria"]
[Black "Moreno Perez, Tobias Sebastian"]
[WhiteFideId "24113182"]
[BlackFideId "186716"]
[WhiteElo "1948"]
[BlackElo "2256"]
[Result "0-1"]
[Round "04"]
[TimeControl "180+2"]
[Date "2022.12.27"]
[WhiteClock "0:00:06"]
[BlackClock "0:00:19"]

1. e4 c6 2. d4 d5 3. f3 Qb6 4. Nc3 dxe4 5. fxe4 e5 6. Nce2 Nf6 7. Qd3 exd4 8. Nxd4 Nbd7 9. Ngf3 Nc5 10. Qe3 Ne6 11. Nxe6 Qxe3+ 12. Bxe3 Bxe6 13. Bd3 Bb4+ 14. c3 Be7 15. O-O-O Bxa2 16. h3 Be6 17. g4 O-O 18. e5 Nd5 19. Bd2 c5 20. Ng5 Bxg5 21. Bxg5 h6 22. Bd2 Rfd8 23. Bc2 b5 24. Be4 Rac8 25. g5 hxg5 26. Bxg5 Rd7 27. h4 Nb6 28. h5 Rxd1+ 29. Rxd1 Nc4 30. h6 g6 31. Bf6 Kh7 32. Bg7 b4 33. Rf1 Ne3 34. Rf2 Rd8 35. Rd2 Rxd2 36. Kxd2 Ng4 37. cxb4 cxb4 38. Kd3 Nxh6 39. Bxh6 Kxh6 40. Kd4 Kg5 41. Kc5 Kf4 42. Bc6 b3 43. Kb5 Kxe5 44. Ka6 f5 45. Kxa7 Bd5 0-1


[Site "https://www.chess.com"]

[Event "Titled Tuesday Blitz December 27 Early 2022"]
[White "Lenderman, Aleksandr"]
[Black "Kilic, Eray"]
[WhiteFideId "2021285"]
[BlackFideId "44517173"]
[WhiteElo "2572"]
[BlackElo "2414"]
[Result "1/2-1/2"]
[Round "04"]
[TimeControl "180+2"]
[Date "2022.12.27"]
[WhiteClock "0:00:44"]
[BlackClock "0:00:05"]

1. Nf3 Nf6 2. c4 g6 3. Nc3 Bg7 4. e4 e5 5. Nxe5 O-O 6. Be2 Re8 7. Nf3 Nxe4 8. O-O Nxc3 9. dxc3 d6 10. Bg5 Qd7 11. Qd2 Nc6 12. Rad1 Qf5 13. Bd3 Qa5 14. h3 Ne5 15. Nxe5 dxe5 16. b4 Qa3 17. Be4 c6 18. Qc2 Be6 19. c5 Qxa2 20. Qxa2 Bxa2 21. Rd7 Rab8 22. b5 Be6 23. bxc6 bxc6 24. Rxa7 Rec8 25. Rd1 Bf8 26. Be7 Bxe7 27. Rxe7 Rb5 28. g4 Rxc5 29. Rd3 Rb8 30. Rc7 Rb6 31. g5 Kg7 32. Kg2 h6 33. h4 hxg5 34. hxg5 Rc4 35. f3 Rb2+ 36. Kg3 Bf5 37. Bxf5 gxf5 38. Rdd7 Kg6 39. Rxf7 f4+ 40. Kh3 Rxc3 41. Rg7+ Kh5 42. Rh7+ Kxg5 43. Rcg7+ Kf6 44. Rf7+ Ke6 45. Re7+ Kd5 46. Kg4 Re3 47. Kf5 Rc2 48. Rh8 Kd4 49. Rd8+ Kc5 50. Rxe5+ Rxe5+ 51. Kxe5 Rc4 52. Rb8 Ra4 53. Rb1 Rc4 54. Rb2 Ra4 55. Rb1 Rc4 56. Rb2 Ra4 57. Rb1 1/2-1/2


[Site "https://www.chess.com"]

[Event "Titled Tuesday Blitz December 27 Early 2022"]
[White "Levitskiy, Andrey"]
[Black "Perez Ponsa, Federico"]
[WhiteFideId "14132885"]
[BlackFideId "117927"]
[WhiteElo "2304"]
[BlackElo "2532"]
[Result "0-1"]
[Round "04"]
[TimeControl "180+2"]
[Date "2022.12.27"]
[WhiteClock "0:00:02"]
[BlackClock "0:00:52"]

1. e4 c6 2. d4 d5 3. Nc3 dxe4 4. Nxe4 Bf5 5. Ng3 Bg6 6. Nf3 e6 7. h4 h6 8. h5 Bh7 9. Bd3 Bxd3 10. Qxd3 Nf6 11. Bd2 c5 12. Qb5+ Qd7 13. Qxd7+ Nbxd7 14. O-O-O cxd4 15. Nxd4 Bc5 16. Nge2 O-O-O 17. f3 Ne5 18. Nb3 Bb6 19. Bc3 Nc4 20. Bd4 Bc7 21. c3 e5 22. Bf2 Rxd1+ 23. Kxd1 Nxb2+ 24. Kc2 Nc4 25. a4 Rd8 26. Ng3 Nd5 27. Nf5 Nf4 28. g3 Ne6 29. Bxa7 b6 30. a5 bxa5 31. Bf2 a4 0-1


[Site "https://www.chess.com"]

[Event "Titled Tuesday Blitz December 27 Early 2022"]
[White "Liyanage, Ranindu Dilshan"]
[Black "Kazancev, Valerij M"]
[WhiteFideId "9915834"]
[BlackFideId "4179609"]
[WhiteElo "2342"]
[BlackElo "2313"]
[Result "1-0"]
[Round "04"]
[TimeControl "180+2"]
[Date "2022.12.27"]
[WhiteClock "0:00:05"]
[BlackClock "0:00:19"]

1. d4 g6 2. Nc3 Bg7 3. e4 e6 4. f4 Ne7 5. Nf3 d5 6. e5 b6 7. Bd3 Ba6 8. Be3 Qc8 9. O-O Bxd3 10. Qxd3 Nf5 11. Bf2 h5 12. g3 Bf8 13. h3 c5 14. g4 hxg4 15. hxg4 cxd4 16. Nxd4 Nxd4 17. Bxd4 Nc6 18. Bf2 Qb7 19. a4 O-O-O 20. Nb5 d4 21. Qf3 a6 22. Na3 Bc5 23. Nc4 Rh7 24. Kg2 Rdh8 25. Rh1 Rxh1 26. Rxh1 Rxh1 27. Kxh1 Nb4 28. Qxb7+ Kxb7 29. c3 dxc3 30. bxc3 Bxf2 31. cxb4 Bg3 32. Kg2 Bxf4 33. Kf3 Bc1 34. Nd6+ Kc6 35. Nxf7 Kd5 36. b5 axb5 37. axb5 Bb2 38. Nh8 g5 39. Nf7 Bc1 40. Ke2 Bf4 41. Kd3 Bxe5 42. Nxg5 Ba1 43. Ne4 Ke5 44. Ke3 Bd4+ 45. Kf3 Kd5 46. g5 Kc4 47. Nf6 Kxb5 48. Ke4 Bc5 49. Nd7 Be7 50. g6 Kc6 51. g7 Kxd7 52. g8=Q b5 53. Qg6 b4 54. Qg2 Bc5 55. Qc2 Kc6 56. Qb3 Kd6 57. Kd3 e5 58. Kc4 e4 59. Qg3+ Kc6 60. Qg6+ 1-0


[Site "https://www.chess.com"]

[Event "Titled Tuesday Blitz December 27 Early 2022"]
[White "Ljukin, Sergei"]
[Black "Sai Krishna G V"]
[WhiteFideId "14102200"]
[BlackFideId "5028280"]
[WhiteElo "2362"]
[BlackElo "2384"]
[Result "0-1"]
[Round "04"]
[TimeControl "180+2"]
[Date "2022.12.27"]
[WhiteClock "0:01:33"]
[BlackClock "0:02:52"]

1. e4 e5 2. Nf3 Nc6 3. Bb5 a6 4. Ba4 d6 5. c3 f5 6. exf5 Bxf5 7. O-O Bd3 8. Re1 Be7 9. Bc2 Bxc2 10. Qxc2 Nf6 11. d4 e4 12. Ng5 d5 13. Ne6 Qd7 14. Nxg7+ Kf7 15. Bh6 Ng4 16. Qc1 Kg6 0-1


[Site "https://www.chess.com"]

[Event "Titled Tuesday Blitz December 27 Early 2022"]
[White "Lorenzo De La Riva, Lazaro"]
[Black "Volkov, Maksim"]
[WhiteFideId "2268809"]
[BlackFideId "54123070"]
[WhiteElo "2404"]
[BlackElo "2258"]
[Result "0-1"]
[Round "04"]
[TimeControl "180+2"]
[Date "2022.12.27"]
[WhiteClock "0:00:02"]
[BlackClock "0:00:50"]

1. b3 e5 2. Bb2 Nc6 3. e3 Nge7 4. Nf3 e4 5. Ng5 d5 6. c4 h6 7. Nh3 Bxh3 8. gxh3 d4 9. Bg2 f5 10. O-O g6 11. f3 exf3 12. Qxf3 Bg7 13. Na3 O-O 14. Rad1 a6 15. Nc2 d3 16. Nd4 Nxd4 17. exd4 Bxd4+ 18. Bxd4 Qxd4+ 19. Kh1 Nc6 20. Qg3 Qd6 21. Bd5+ Kg7 22. Qxd3 Ne5 23. Qc3 c6 24. Bg2 Rf6 25. d4 Nf7 26. d5 c5 27. Rde1 Kh7 28. Re3 f4 29. Ree1 Rf8 30. h4 h5 31. Be4 Nh6 32. Rg1 Ng4 33. Bf3 Ne3 34. Rg5 Rf5 35. Reg1 Rxg5 36. hxg5 Nf5 37. Re1 Nd4 38. Re4 Qd8 39. h4 Nf5 40. Kg2 Nxh4+ 41. Kf2 Qxg5 42. Re6 Qg3+ 43. Ke2 Nf5 0-1


[Site "https://www.chess.com"]

[Event "Titled Tuesday Blitz December 27 Early 2022"]
[White "Majdan, Joanna"]
[Black "Narayanan.S.L"]
[WhiteFideId "1121979"]
[BlackFideId "5058422"]
[WhiteElo "2306"]
[BlackElo "2660"]
[Result "0-1"]
[Round "04"]
[TimeControl "180+2"]
[Date "2022.12.27"]
[WhiteClock "0:00:02"]
[BlackClock "0:00:19"]

1. e4 c5 2. Nf3 e6 3. d4 cxd4 4. Nxd4 Nc6 5. Nc3 a6 6. Nxc6 bxc6 7. Bd3 d5 8. e5 c5 9. b3 Ne7 10. O-O Bb7 11. Qe2 Ng6 12. Na4 Be7 13. c4 d4 14. Re1 Qc7 15. Nb2 O-O 16. Be4 a5 17. Nd3 a4 18. Rb1 axb3 19. axb3 Rfb8 20. g3 Bf8 21. h4 Ne7 22. Qh5 Bxe4 23. Rxe4 Qc6 24. Rf4 Ng6 25. Rg4 Ra2 26. Bb2 Rxb3 27. Rd1 Rxd3 28. Rxd3 Rxb2 29. Qg5 Rb1+ 0-1


[Site "https://www.chess.com"]

[Event "Titled Tuesday Blitz December 27 Early 2022"]
[White "Marin Ramirez, Gerardo"]
[Black "Lewtak, Damian"]
[WhiteFideId "3901068"]
[BlackFideId "1141724"]
[WhiteElo "2127"]
[BlackElo "2381"]
[Result "0-1"]
[Round "04"]
[TimeControl "180+2"]
[Date "2022.12.27"]
[WhiteClock "0:00:01"]
[BlackClock "0:00:26"]

1. d4 d5 2. Nf3 Nf6 3. c4 c6 4. Nc3 dxc4 5. a4 Bf5 6. e3 e6 7. Bxc4 Bb4 8. O-O O-O 9. Qe2 Ne4 10. Nxe4 Bxe4 11. Nd2 Bg6 12. Nf3 Nd7 13. Rd1 a5 14. e4 Qe7 15. Bg5 f6 16. Bf4 Kh8 17. e5 Nb6 18. exf6 Qxf6 19. Bg5 Qf5 20. Bxe6 Qc2 21. Qxc2 Bxc2 22. Rdc1 Bf5 23. Bxf5 Rxf5 24. Be3 Nd5 25. Ne5 Nxe3 26. fxe3 Bd2 27. Rc3 Bxc3 28. bxc3 Kg8 29. Rb1 Ra7 30. Nd7 b5 31. e4 Rf7 32. Ne5 Rfb7 0-1


[Site "https://www.chess.com"]

[Event "Titled Tuesday Blitz December 27 Early 2022"]
[White "Marjanovic, Annamaria"]
[Black "Danaci, Ege"]
[WhiteFideId "750930"]
[BlackFideId "34506748"]
[WhiteElo "2273"]
[BlackElo "2088"]
[Result "1-0"]
[Round "04"]
[TimeControl "180+2"]
[Date "2022.12.27"]
[WhiteClock "0:02:00"]
[BlackClock "0:01:06"]

1. c4 c5 2. g3 Nc6 3. Bg2 g6 4. Nc3 Bg7 5. a3 e6 6. Rb1 Nge7 7. b4 d6 8. e3 O-O 9. Nge2 a6 10. O-O Bd7 11. d4 cxb4 12. axb4 Rc8 13. c5 d5 14. b5 axb5 15. Nxb5 Nf5 16. Bd2 e5 17. Bxd5 exd4 18. e4 d3 19. Nf4 Nfd4 20. Nd6 Ra8 21. Nxb7 Ne5 22. Nxd8 1-0


[Site "https://www.chess.com"]

[Event "Titled Tuesday Blitz December 27 Early 2022"]
[White "Martic, Ivan"]
[Black "Christiansen, Johan-Sebastian"]
[WhiteFideId "929301"]
[BlackFideId "1512668"]
[WhiteElo "2301"]
[BlackElo "2579"]
[Result "0-1"]
[Round "04"]
[TimeControl "180+2"]
[Date "2022.12.27"]
[WhiteClock "0:00:44"]
[BlackClock "0:00:55"]

1. e4 e5 2. Nf3 Nc6 3. Bb5 f5 4. Bxc6 dxc6 5. Nc3 Nf6 6. Nxe5 fxe4 7. O-O Bd6 8. Nc4 Bxh2+ 9. Kxh2 Ng4+ 10. Kg3 h5 11. Nxe4 h4+ 12. Kf3 h3 13. d3 Nh2+ 14. Ke2 hxg2 15. Rg1 Bg4+ 16. Kd2 Bxd1 17. Kxd1 Qd5 18. Rxg2 Qh5+ 19. Kd2 Nf3+ 20. Kc3 b5 21. Rxg7 O-O-O 22. Bf4 Rh7 23. Nf6 Qc5 24. b4 Qd4+ 25. Kb3 bxc4+ 26. dxc4 Rxg7 0-1


[Site "https://www.chess.com"]

[Event "Titled Tuesday Blitz December 27 Early 2022"]
[White "Martinez Alcantara, Jose Eduardo"]
[Black "Demidov, Mikhail"]
[WhiteFideId "3805662"]
[BlackFideId "4197143"]
[WhiteElo "2619"]
[BlackElo "2583"]
[Result "1-0"]
[Round "04"]
[TimeControl "180+2"]
[Date "2022.12.27"]
[WhiteClock "0:01:52"]
[BlackClock "0:00:05"]

1. e4 Nf6 2. e5 Nd5 3. Nc3 c6 4. d4 d6 5. exd6 Nxc3 6. bxc3 exd6 7. Bd3 Be7 8. h3 O-O 9. Nf3 Nd7 10. O-O Nf6 11. c4 d5 12. Re1 Re8 13. cxd5 cxd5 14. Ne5 Bb4 15. Bd2 Bxd2 16. Qxd2 Be6 17. Re3 Nd7 18. Rae1 Nxe5 19. Rxe5 Qd6 20. Rh5 g6 21. Qh6 gxh5 22. Bxh7+ Kh8 23. Bd3+ Kg8 24. Re5 Qd8 25. Bh7+ Kh8 26. Rxh5 Rc8 27. Bd3+ Kg8 28. Qh8# 1-0


[Site "https://www.chess.com"]

[Event "Titled Tuesday Blitz December 27 Early 2022"]
[White "Mathieu, Phileas"]
[Black "Bryakin, Mikhail"]
[WhiteFideId "36048410"]
[BlackFideId "4165314"]
[WhiteElo "2374"]
[BlackElo "2455"]
[Result "1/2-1/2"]
[Round "04"]
[TimeControl "180+2"]
[Date "2022.12.27"]
[WhiteClock "0:00:04"]
[BlackClock "0:00:12"]

1. c4 c5 2. Nc3 Nf6 3. g3 Nc6 4. Bg2 g6 5. e3 Bg7 6. Nge2 O-O 7. O-O d6 8. b3 Bd7 9. Bb2 Rb8 10. d3 a6 11. Qd2 b5 12. Nd5 Nxd5 13. Bxd5 e6 14. Bxg7 Kxg7 15. Bg2 Qb6 16. Rac1 Rfc8 17. Rfd1 Ne7 18. h4 Bc6 19. e4 e5 20. h5 f6 21. Bh3 Rd8 22. Qe3 Bd7 23. Bxd7 Rxd7 24. Kg2 g5 25. f4 h6 26. Rf1 Rf8 27. fxg5 hxg5 28. Rf2 Ng8 29. Rcf1 Qd8 30. Nc3 b4 31. Nd5 Rdf7 32. Qf3 Nh6 33. g4 Qd7 34. Kg3 a5 35. Ne3 Ra8 36. Qe2 a4 37. Nd5 Raf8 38. Ne3 axb3 39. axb3 Qa7 40. Qf3 Qd7 41. Ra2 Qe6 42. Rfa1 Qc8 43. Ra6 Rd8 44. Nd5 Qe6 45. Ne3 Qc8 46. Nf5+ Nxf5+ 47. exf5 d5 48. cxd5 Qb7 49. Rc6 Rfd7 50. Raa6 Rxd5 51. h6+ Kh7 52. Rcb6 Qxb6 53. Rxb6 Rxd3 54. Rxf6 Rxf3+ 55. Kxf3 Rd3+ 56. Ke4 Rxb3 57. Kxe5 Re3+ 58. Kd5 Rc3 59. Rb6 b3 60. Ke5 Re3+ 61. Kd5 Rc3 62. Ke5 c4 63. Kd4 Rc2 64. Rb5 Kxh6 65. Rb6+ Kg7 66. Rb7+ Kf6 67. Rb6+ Ke7 68. Rb7+ Kd6 69. Rb6+ Kc7 70. Rb4 b2 71. f6 c3 72. f7 Rf2 73. Kxc3 Rxf7 74. Rxb2 Rf4 75. Rg2 Kd6 76. Kd3 Ke5 77. Ke3 Ra4 78. Re2 Re4+ 79. Kf3 Rxe2 80. Kxe2 Ke4 81. Kf1 Kf4 82. Kg1 Kf3 83. Kf1 Kg3 84. Kg1 Kh3 85. Kh1 Kh4 86. Kh2 Kxg4 87. Kg2 Kf4 88. Kf2 Ke4 89. Kg3 Ke3 90. Kg4 Kf2 91. Kxg5 1/2-1/2


[Site "https://www.chess.com"]

[Event "Titled Tuesday Blitz December 27 Early 2022"]
[White "Matveeva, Olga"]
[Black "Guevara Sanchez, Erick Marvin"]
[WhiteFideId "24107018"]
[BlackFideId "6700136"]
[WhiteElo "2128"]
[BlackElo "2073"]
[Result "1-0"]
[Round "04"]
[TimeControl "180+2"]
[Date "2022.12.27"]
[WhiteClock "0:00:10"]
[BlackClock "0:00:05"]

1. d4 Nf6 2. c4 e6 3. g3 Bb4+ 4. Bd2 Bxd2+ 5. Nxd2 d5 6. Bg2 O-O 7. Ngf3 b6 8. cxd5 exd5 9. O-O Bb7 10. Ne5 Nbd7 11. Nd3 Re8 12. Rc1 c5 13. dxc5 bxc5 14. Nxc5 Nxc5 15. Rxc5 Qb6 16. Nb3 a5 17. Rc2 Rac8 18. e3 Ne4 19. Nd4 Rxc2 20. Qxc2 Rc8 21. Qa4 Qxb2 22. Qxa5 g6 23. h4 Ra8 24. Qc7 Rxa2 25. Qb8+ Kg7 26. Qe5+ Kg8 27. Bxe4 dxe4 28. h5 Ba6 29. h6 Kf8 30. Qd6+ Ke8 31. Qc6+ Ke7 32. Qxe4+ Kd7 33. Qd5+ Kc7 34. Qc6+ Kb8 35. Qe8+ Ka7 36. Qxf7+ Kb6 37. Qe6+ Ka5 38. Qd5+ Kb4 39. Nc6+ Kc3 40. Qd4+ Kb3 41. Qb4+ Kc2 42. Nd4+ 1-0


[Site "https://www.chess.com"]

[Event "Titled Tuesday Blitz December 27 Early 2022"]
[White "McCoy, Owen"]
[Black "Zakhartsov, Vladimir"]
[WhiteFideId "30924502"]
[BlackFideId "4145097"]
[WhiteElo "2085"]
[BlackElo "2552"]
[Result "0-1"]
[Round "04"]
[TimeControl "180+2"]
[Date "2022.12.27"]
[WhiteClock "0:00:04"]
[BlackClock "0:00:54"]

1. Nf3 c5 2. g3 g6 3. Bg2 Bg7 4. O-O Nc6 5. d3 e6 6. Nbd2 Nge7 7. e4 O-O 8. Re1 d6 9. c3 b5 10. Nf1 b4 11. d4 bxc3 12. bxc3 cxd4 13. cxd4 Ba6 14. h4 Rc8 15. Rb1 Qa5 16. Bf4 d5 17. e5 h5 18. N1d2 Nf5 19. Nb3 Qa4 20. Qd2 Bc4 21. Ra1 Qb4 22. Red1 a5 23. Rac1 a4 24. Nc5 Qxd2 25. Rxd2 Ncxd4 26. Nxd4 Nxd4 27. Rxd4 Rxc5 28. Rd2 a3 29. Rc3 Ra5 30. Bf1 Bxf1 31. Kxf1 Rb8 32. Rdd3 Bf8 33. Rb3 Rab5 34. Rxb5 Rxb5 35. Kg2 Rb2 36. Bc1 Rxa2 37. Kf3 Ra1 38. Rc3 a2 39. Rc2 Rb1 40. Bb2 Rxb2 0-1


[Site "https://www.chess.com"]

[Event "Titled Tuesday Blitz December 27 Early 2022"]
[White "Mendez Fortes, Eduardo Jesus"]
[Black "Mohammed, Zozek Salah Mohammed"]
[WhiteFideId "3502376"]
[BlackFideId "4803361"]
[WhiteElo "2250"]
[BlackElo "2210"]
[Result "1-0"]
[Round "04"]
[TimeControl "180+2"]
[Date "2022.12.27"]
[WhiteClock "0:01:44"]
[BlackClock "0:00:03"]

1. e4 c5 2. Nf3 d6 3. d4 cxd4 4. Nxd4 Nf6 5. Nc3 a6 6. Bg5 e6 7. f4 Qb6 8. Qd3 Qxb2 9. Rb1 Qa3 10. f5 Nc6 11. fxe6 Bxe6 12. Nxe6 fxe6 13. Rxb7 Ne5 14. Qh3 Nfg4 15. Be2 Rc8 16. Rb3 Qa5 17. Bd2 h5 18. Rf1 Qc5 19. Bxa6 Ra8 20. Bb5+ Ke7 21. Bg5+ Nf6 22. Qh4 Nd7 23. Kd1 Qd4+ 24. Kc1 Rb8 25. e5 dxe5 26. Rd1 Qxh4 27. Rxd7+ 1-0


[Site "https://www.chess.com"]

[Event "Titled Tuesday Blitz December 27 Early 2022"]
[White "Mills, Morgen"]
[Black "Gnechko, Ruslan"]
[WhiteFideId "2013304"]
[BlackFideId "14135868"]
[WhiteElo "2009"]
[BlackElo "2132"]
[Result "0-1"]
[Round "04"]
[TimeControl "180+2"]
[Date "2022.12.27"]
[WhiteClock "0:00:38"]
[BlackClock "0:02:04"]

1. e4 c5 2. Nf3 g6 3. d4 cxd4 4. Nxd4 Bg7 5. c4 Nc6 6. Be3 d6 7. Nc3 Qb6 8. Ne6 Qxb2 9. Nxg7+ Kf8 10. Na4 Qxg7 11. Be2 Nf6 12. Nc3 g5 13. Qd2 h6 14. h3 Nxe4 15. Nxe4 Qxa1+ 16. Bd1 Qe5 17. Ng3 f5 18. Ne2 f4 19. Bd4 Nxd4 20. Qxd4 Qxd4 21. Nxd4 a6 22. O-O e5 23. Nb3 Be6 24. Na5 b6 0-1


[Site "https://www.chess.com"]

[Event "Titled Tuesday Blitz December 27 Early 2022"]
[White "Mischuk, Dmitry"]
[Black "Srebrnic, Marko"]
[WhiteFideId "14118734"]
[BlackFideId "14603616"]
[WhiteElo "2298"]
[BlackElo "2366"]
[Result "0-1"]
[Round "04"]
[TimeControl "180+2"]
[Date "2022.12.27"]
[WhiteClock "0:00:52"]
[BlackClock "0:01:25"]

1. d4 Nf6 2. c4 g6 3. Nc3 d6 4. e4 Bg7 5. h3 c5 6. d5 a6 7. a4 Nfd7 8. Be2 Bxc3+ 9. bxc3 Qa5 10. Bd2 h6 11. h4 Nf6 12. Qb1 Nbd7 13. h5 g5 14. Qb3 Ne5 15. f3 Bd7 16. g3 b5 17. cxb5 axb5 18. f4 gxf4 19. gxf4 Nc4 20. Bxc4 bxc4 21. Qxc4 Bb5 22. Qb3 Nxe4 23. Nf3 Rg8 24. Qc2 Nxd2 25. Nxd2 Bxa4 26. Qh7 Rg2 27. Ra3 Qb5 28. Qe4 Rxd2 29. Rxa4 Rxa4 0-1


[Site "https://www.chess.com"]